 Dungeon Crawl Stone Soup version 0.24-a0-272-g14115134c2 (webtiles) character file.

Game seed: 12192343979407413376

636896 Redear the Hoplite (level 27, -10/209 HPs)
             Began as a Mummy Fighter on Apr 24, 2019.
             Was the Champion of Okawaru.
             Killed from afar by an orb of fire (29 damage)
             ... with a fireball
             ... on level 4 of the Realm of Zot on Apr 25, 2019.
             The game lasted 05:27:55 (76110 turns).

Redear the Hoplite (Mummy Fighter)                 Turns: 76110, Time: 05:27:56

Health: -10/209    AC: 37    Str: 36 (37) XL:     27
Magic:  13/13      EV: 27    Int:  6 (7)  God:    Okawaru [******]
Gold:   2564       SH: 23    Dex: 33      Spells: 33/52 levels left

rFire    + + .     SeeInvis .   l - +3 broad axe (antimagic)
rCold    + + .     Gourm    .   t - +2 shield of Dohunah {Dex+5}
rNeg     + + +     Faith    +   u - +9 crystal plate armour of the Mind {Dex+3}
rPois    ∞         Spirit   .   P - +0 hat {MR+} {MR+}
rElec    .         Reflect  .   p - scarf {rC+ rF+}
rCorr    .         Harm     .   X - +0 pair of gloves of Lugonu's Regard {+Fly Str+4 Dex+5 Stlth-}
MR       +++..                  H - +0 pair of boots {run} {Speed+}
Stlth    ..........             G - amulet of faith {Faith}
HPRegen  0.44/turn              J - ring "Zolos" {rF+ MR- EV+3 Str+4 Dex+5}
MPRegen  0.13/turn              f - ring of protection from fire {rF+}

@: about to teleport, finesse, quick
A: no food or potions, fire vulnerability, cold resistance 1, negative energy
resistance 3, torment resistance, unbreathing, in touch with death 2
}: 3/15 runes: barnacled, silver, gossamer
a: Heroism, Finesse, Renounce Religion, Evoke Flight


You were on level 4 of the Realm of Zot.
You worshipped Okawaru.
Okawaru was exalted by your worship.
You were not hungry.

You visited 12 branches of the dungeon, and saw 51 of its levels.
You also visited: Trove, Sewer, Bailey and Ice Cave.

You collected 7721 gold pieces.
You spent 5157 gold pieces at shops.

Inventory:

Hand Weapons
 l - a +3 antimagic broad axe (weapon)
 r - the +7 broad axe of Mastery {speed, +Blink MR+ Str+7 Dex-4}
   (Okawaru gifted it to you on level 1 of the Spider Nest)

   Attacks with this weapon are significantly faster.
   It affects your strength (+7).
   It affects your dexterity (-4).
   It affects your resistance to hostile enchantments.
   It lets you blink.
 z - the +7 broad axe of Hospitality {drain, Int+3}
   (You found it on level 1 of the Shoals)

   A truly terrible weapon, it drains the life of those it strikes.
   It affects your intelligence (+3).
Missiles
 F - 59 javelins (quivered)
 Z - 9 throwing nets {+f}
Armour
 a - the +3 large shield of the Crushed Princes {Int+3 Stlth-}
   (You found it in a treasure trove)

   It affects your intelligence (+3).
   It makes you less stealthy.
 b - +0 pearl dragon scales
 g - a +2 large shield of protection {AC+3}
 p - a scarf of resistance (worn)
 q - the +1 leather armour of Vext {-Cast Str+10 Stlth+}
   (You found it on level 4 of the Dungeon)

   It affects your strength (+10).
   It prevents spellcasting.
   It makes you more stealthy.
 t - the +2 shield of Dohunah (worn) {Dex+5}
   (You found it on level 1 of the Lair of Beasts)

   It affects your dexterity (+5).
 u - the +9 crystal plate armour of the Mind (worn) {Dex+3}
   (You bought it in a shop on level 5 of the Depths)

   It affects your dexterity (+3).
 y - the +7 plate armour "Juvoumif" {+Blink MR+ Regen+}
   (You found it in a treasure trove)

   It affects your resistance to hostile enchantments.
   It lets you blink.
   It increases your rate of regeneration.
 C - +0 fire dragon scales
 H - a +0 pair of boots of running (worn) {Speed+}
 I - the +3 cloak of Complete Protection {Regen+}
   (You found it on level 12 of the Dungeon)

   It increases your rate of regeneration.
 L - +0 gold dragon scales
 P - a +0 hat of magic resistance (worn) {MR+}
 Q - the +1 cloak of the Evening {rCorr Int-5 Dex+9}
   (Okawaru gifted it to you on level 2 of the Shoals)

   It affects your intelligence (-5).
   It affects your dexterity (+9).
   It provides partial protection from all sources of acid and corrosion.
 S - a +1 helmet of intelligence {Int+3}
 U - the +27 Lear's hauberk
   (Okawaru gifted it to you on level 5 of the Depths)
 X - the +0 pair of gloves of Lugonu's Regard (worn) {+Fly Str+4 Dex+5 Stlth-}
   (You found it on level 4 of the Shoals)

   It affects your strength (+4).
   It affects your dexterity (+5).
   It lets you fly.
   It makes you less stealthy.
Magical Staves
 W - an uncursed staff of wizardry {Wiz+}
Jewellery
 c - the cursed ring "Kiggev" {+Blink +Inv rF+ rC+ Str-3}
   (You found it on level 2 of the Realm of Zot)

   [ring of strength]

   It affects your strength (-3).
   It protects you from fire.
   It protects you from cold.
   It lets you turn invisible.
   It lets you blink.
   It has a curse placed upon it.
 f - a ring of protection from fire (right hand) {rF+}
 j - the ring of Geocu {rCorr rN+ Str+4 Dex-5}
   (You found it on level 1 of the Lair of Beasts)

   [ring of resist corrosion]

   It affects your strength (+4).
   It affects your dexterity (-5).
   It protects you from negative energy.
 m - the ring of the Mage {Wiz MR++ Int+3}
   (You took it off a deep elf master archer on level 3 of the Elven Halls)

   [ring of wizardry]

   It improves your spell success rate.
   It affects your intelligence (+3).
   It affects your resistance to hostile enchantments.
 n - the ring "Nisk" {rCorr rElec}
   (You took it off a centaur on level 12 of the Dungeon)

   [ring of resist corrosion]

   It insulates you from electricity.
 o - a +5 ring of dexterity
 s - an uncursed ring of see invisible {SInv}
 x - an uncursed ring of stealth {Stlth+}
 E - the ring "Lisku" {Wiz Str+7}
   (You found it on level 5 of the Depths)

   [ring of wizardry]

   It improves your spell success rate.
   It affects your strength (+7).
 G - an amulet of faith (around neck) {Faith}
 J - the ring "Zolos" (left hand) {rF+ MR- EV+3 Str+4 Dex+5}
   (You took it off a deep elf archer on level 5 of the Vaults)

   [ring of evasion]

   It affects your evasion (+3).
   It affects your strength (+4).
   It affects your dexterity (+5).
   It protects you from fire.
   It affects your resistance to hostile enchantments.
 O - an uncursed amulet of magic regeneration
 Y - the ring of Doors {rC+ MR+}
   (You found it on level 1 of the Spider Nest)

   [ring of protection from cold]

   It protects you from cold.
   It affects your resistance to hostile enchantments.
Wands
 A - a wand of acid (4)
 D - a wand of digging (6)
Scrolls
 d - 4 scrolls of fear
 e - 7 scrolls of immolation
 h - 9 scrolls of enchant weapon
 i - 9 scrolls of amnesia
 k - 6 scrolls of fog
 v - 2 scrolls of silence
 B - 8 scrolls of enchant armour
 K - 2 scrolls of noise
 M - 8 scrolls of magic mapping
 N - 16 scrolls of remove curse {@r2}
 R - 21 scrolls of identify {@r1}
 T - 19 scrolls of teleportation {@r3}
Miscellaneous
 w - a fan of gales
 V - 4 phantom mirrors


   Skills:
 + Level 15.6 Fighting
 + Level 15.3 Axes
 - Level 17.0 Armour
 - Level 16.8 Dodging
 - Level 23.0 Shields
 - Level 13.3 Spellcasting
 - Level 15.2 Necromancy
 - Level 7.4 Earth Magic
 - Level 8.0 Invocations


You had 33 spell levels left.
You knew the following spells:

 Your Spells              Type           Power        Failure   Level  Hunger
d - Blink                 Tloc           N/A          86%         2    N/A
e - Lesser Beckoning      Tloc           #.........   98%         3    N/A
f - Deflect Missiles      Chrm/Air       #.........   100%        6    N/A
g - Apportation           Tloc           #.....       75%         1    N/A
v - Borgnjor's Vile Clut  Necr/Erth      #####.....   30%         5    N/A
y - Song of Slaying       Chrm           #.......     86%         2    N/A

Your spell library contained the following spells:

 Spells                   Type           Power        Failure   Level  Hunger
 Animate Skeleton         Necr           N/A          1%          1    N/A
 Corpse Rot               Necr           N/A          1%          2    N/A
 Sandblast                Erth           ##....       5%          1    N/A
 Agony                    Necr           ######..     6%          5    N/A
 Passwall                 Tmut/Erth      #.......     36%         2    N/A
 Stone Arrow              Conj/Erth      #.....       58%         3    N/A
 Confusing Touch          Hex            #.....       75%         1    N/A
 Corona                   Hex            #......      75%         1    N/A
 Flame Tongue             Conj/Fire      #....        75%         1    N/A
 Freeze                   Ice            #...         75%         1    N/A
 Infusion                 Chrm           #...         75%         1    N/A
 Magic Dart               Conj           #...         75%         1    N/A
 Shock                    Conj/Air       #...         75%         1    N/A
 Summon Butterflies       Summ           #.......     75%         1    N/A
 Summon Small Mammal      Summ           #...         75%         1    N/A
 Lee's Rapid Deconstruct  Erth           ##........   83%         5    N/A
 Call Imp                 Summ           #.......     86%         2    N/A
 Ensorcelled Hibernation  Hex/Ice        #.....       86%         2    N/A
 Poisonous Vapours        Pois/Air       #.....       86%         2    N/A
 Shroud of Golubria       Chrm/Tloc      #.........   86%         2    N/A
 Slow                     Hex            #.......     86%         2    N/A
 Swiftness                Chrm/Air       #.......     86%         2    N/A
 Throw Flame              Conj/Fire      #.....       86%         2    N/A
 Throw Frost              Conj/Ice       #.....       86%         2    N/A
 Leda's Liquefaction      Hex/Erth       #.........   94%         4    N/A
 Petrify                  Tmut/Erth      #.......     94%         4    N/A
 Call Canine Familiar     Summ           #.......     98%         3    N/A
 Confuse                  Hex            #.......     98%         3    N/A
 Conjure Flame            Conj/Fire      #.......     98%         3    N/A
 Dazzling Spray           Conj/Hex       #.....       98%         3    N/A
 Ignite Poison            Fire/Tmut/Pois #.......     98%         3    N/A
 Inner Flame              Hex/Fire       #.......     98%         3    N/A
 Mephitic Cloud           Conj/Pois/Air  #.......     98%         3    N/A
 Ozocubu's Armour         Chrm/Ice       #.......     98%         3    N/A
 Portal Projectile        Hex/Tloc       #.....       98%         3    N/A
 Spectral Weapon          Hex/Chrm       #.......     98%         3    N/A
 Static Discharge         Conj/Air       #.......     98%         3    N/A
 Tukima's Dance           Hex            #.......     98%         3    N/A
 Airstrike                Air            #.........   100%        4    N/A
 Cause Fear               Hex            #.........   100%        4    N/A
 Force Lance              Conj/Tloc      #.......     100%        4    N/A
 Olgreb's Toxic Radiance  Pois           #.......     100%        4    N/A
 Passage of Golubria      Tloc           N/A          100%        4    N/A
 Sticky Flame             Conj/Fire      #.......     100%        4    N/A
 Summon Ice Beast         Ice/Summ       #.......     100%        4    N/A
 Summon Lightning Spire   Summ/Air       #.......     100%        4    N/A
 Throw Icicle             Conj/Ice       #.......     100%        4    N/A
 Alistair's Intoxication  Tmut/Pois      #.......     100%        5    N/A
 Aura of Abjuration       Summ           #.........   100%        5    N/A
 Bolt of Magma            Conj/Fire/Erth #.........   100%        5    N/A
 Fireball                 Conj/Fire      #.........   100%        5    N/A
 Irradiate                Conj/Tmut      #.........   100%        5    N/A
 Iskenderun's Battlesphe  Conj/Chrm      #.......     100%        5    N/A
 Lightning Bolt           Conj/Air       #.........   100%        5    N/A
 Metabolic Englaciation   Hex/Ice        #.........   100%        5    N/A
 Silence                  Hex/Air        #.........   100%        5    N/A
 Summon Forest            Summ/Tloc      #.........   100%        5    N/A
 Summon Mana Viper        Hex/Summ       #.......     100%        5    N/A
 Venom Bolt               Conj/Pois      #.........   100%        5    N/A
 Yara's Violent Unravell  Hex/Tmut       #.........   100%        5    N/A
 Bolt of Cold             Conj/Ice       #.........   100%        6    N/A
 Bolt of Fire             Conj/Fire      #.........   100%        6    N/A
 Darkness                 Hex            #.........   100%        6    N/A
 Freezing Cloud           Conj/Ice/Air   #.........   100%        6    N/A
 Invisibility             Hex            #.......     100%        6    N/A
 Iron Shot                Conj/Erth      #.........   100%        6    N/A
 Ozocubu's Refrigeration  Ice            #.........   100%        6    N/A
 Simulacrum               Ice/Necr       ####......   100%        6    N/A
 Haunt                    Necr/Summ      ####......   100%        7    N/A
 Malign Gateway           Summ/Tloc      #.........   100%        7    N/A
 Orb of Destruction       Conj           #.........   100%        7    N/A
 Ring of Flames           Chrm/Fire      #.........   100%        7    N/A
 Spellforged Servitor     Conj/Summ      #.........   100%        7    N/A
 Summon Hydra             Summ           #.........   100%        7    N/A
 Discord                  Hex            #.........   100%        8    N/A
 Ignition                 Fire           #.........   100%        8    N/A
 Infestation              Necr           ######....   100%        8    N/A
 Dragon's Call            Summ           #.........   100%        9    N/A
 Shatter                  Erth           ##........   100%        9    N/A
 Sublimation of Blood     Necr           Unusable     N/A         2    N/A
 Regeneration             Chrm/Necr      Unusable     N/A         3    N/A
 Ice Form                 Ice/Tmut       Unusable     N/A         4    N/A
 Hydra Form               Tmut           Unusable     N/A         6    N/A
 Statue Form              Tmut/Erth      Unusable     N/A         6    N/A
 Borgnjor's Revivificati  Necr           Unusable     N/A         8    N/A
 Death's Door             Chrm/Necr      Unusable     N/A         8    N/A
 Necromutation            Tmut/Necr      Unusable     N/A         8    N/A

Dungeon Overview and Level Annotations

Branches:
Dungeon (15/15)            Temple (1/1) D:4            Lair (6/6) D:10
 Shoals (4/4) Lair:2       Spider (4/4) Lair:4        Slime (1/5) Lair:6
    Orc (2/2) D:10            Elf (3/3) Orc:2        Vaults (5/5) D:13
  Crypt (0/3) Vaults:3     Depths (5/5) D:15           Hell (1/1)
    Dis (0/7) Hell            Geh (0/7) Hell            Coc (0/7) Hell
    Tar (0/7) Hell            Zot (4/5) Depths:5

Altars:
Ashenzari
Cheibriados
Dithmenos
Elyvilon
Fedhas
Gozag
Hepliaklqana
Kikubaaqudgha
Makhleb
Nemelex Xobeh
Okawaru
Qazlal
Ru
Sif Muna
Trog
Uskayaw
Vehumet
Wu Jian
Xom
Yredelemnul
Zin
The Shining One
Beogh
Jiyva

Shops:
Orc:2 (:*?   Elf:3 (   Shoals:1 [   Shoals:3 }   Vaults:2 !   Vaults:5 ?
Depths:2 }=   Depths:5 *

Portals:
Hell: Depths:1 Depths:2 Depths:3 Depths:4 Depths:5
Abyss: Depths:3 Depths:4
Pandemonium: Depths:3
Ziggurat: Depths:3


Innate Abilities, Weirdness & Mutations

You do not eat or drink.
Your flesh is vulnerable to fire.
You are immune to poison.
Your flesh is cold resistant. (rC+)
You are immune to negative energy. (rN+++)
You are immune to unholy pain and torment.
You can survive without breathing.
You are strongly in touch with the powers of death.


Message History

Unknown command.
Unknown command.
Unknown command.
Unknown command.
Unknown command.
Press: ? - help, v - describe, . - travel
Here: a rime drake (fleeing, summoned)
The floor.
Unknown command.
Unknown command.
Okay, then.
Unknown command.
Unknown command.
Unknown command.
Wield which item (- for none, * to show all)? (? for menu, Esc to quit)
You feel magic leave you.
l - a +3 antimagic broad axe (weapon)
The orb of fire glows deep purple.
The fireball explodes!
The fireball engulfs you!! You resist.
You die...

##.....## ##.......##
##.....###........##
##......#.....######
####.##.........## #..
###..............##
##.. #.....<.........##
#...
##...###..###.....##
#..) ##....# ##.#
#......####).) ##...###
#@# #..........##.
##>..##
##*######.......#..
##^..## ##§D§##
#.....).... ##..[##
##k≈d≈≈## #.....)))).
##...## #≈kD)§kz#
#......)).. ##..(##
#≈≈≈≈ddq§z≈≈###........
#...## #≈≈≈..d.d°≈§#
#..%..... ...##
##§.k..q°.≈## #........
..## #≈≈....§..≈≈#
#......[#


You could see a bone dragon, an orb of fire, a golden dragon, a yellow draconian
(fleeing), 3 draconians, a curse toe, 2 draconians, 2 death drakes and 2 rime
drakes.

Vanquished Creatures
  2 ancient liches
  3 orbs of fire
  4 juggernauts
  The ghost of Usecujea the Eclecticist, a veteran GnWn of Vehumet (Depths:5)
  Margery (Depths:3)
  A curse toe (Zot:4)
  6 caustic shrikes
  A large abomination (Depths:3)
  Geryon (Hell)
  5 golden dragons
  A bone dragon (Depths:5)
  Arachne (Spider:4)
  A lich (Vaults:4)
  14 tentacled monstrosities
  3 electric golems
  Jorgrun (Orc:2)
  Rupert (D:13)
  The ghost of Neal the Pandemonic, an adept DDFi of Makhleb (Vaults:1)
  2 titans
  4 quicksilver dragons
  3 deep elf blademasters (Elf:3)
  4 deep elf master archers (Elf:3)
  5 sphinxes
  5 death cobs
  2 krakens
  Polyphemus (Shoals:2)
  Kirke (Lair:3)
  Gastronok (Lair:3)
  9 tengu reavers
  22 storm dragons
  2 thorn hunters (Elf:1)
  7 shadow dragons
  Donald (Vaults:4)
  The ghost of Mismuhuamn the Eclecticist, an adept DEEE of Hepliaklqana (Spider:4)
  Roxanne (Spider:2)
  5 draconian monks
  11 frost giants
  12 fire giants
  7 deep elf sorcerers
  An iron dragon (Vaults:5)
  9 draconian knights
  15 vault wardens
  Aizul (Elf:1)
  3 orc warlords
  7 ghost moths
  9 draconian scorchers
  The ghost of MirrMurr the Unseen, an adept SpEn of Ashenzari (Shoals:1)
  6 emperor scorpions
  Louise (D:14)
  5 draconian shifters
  4 draconian stormcallers
  4 war gargoyles
  31 very ugly things
  9 draconian annihilators
  6 spriggan defenders
  3 reapers (Hell)
  13 ironheart preservers
  11 stone giants
  10 deep elf elementalists
  9 deep elf demonologists
  A vampire knight (Depths:4)
  18 green draconians
  The ghost of kirsanium the Timeless, a journeyman NaTm of Cheibriados (Lair:4)
  15 black draconians
  Nessos (D:13)
  3 entropy weavers
  A spark wasp (shapeshifter) (Depths:1)
  6 spark wasps
  Azrael (Orc:2)
  14 purple draconians
  10 yellow draconians
  The ghost of Tuudo the Pandemonic, a journeyman DsFi of Makhleb (Lair:6)
  A dire elephant (D:15)
  14 red draconians
  8 white draconians
  13 deep elf annihilators
  10 ettins
  Snorg (Lair:4)
  5 merfolk javelineers
  The ghost of Pozxeom the Thaumaturge, a journeyman GnSk of Okawaru (Lair:1)
  A fire dragon (shapeshifter) (Vaults:5)
  3 blizzard demons
  A crystal guardian (Vaults:4)
  5 merfolk impalers
  10 deep elf death magi
  5 deep elf high priests
  9 fire dragons
  7 great orbs of eyes
  7 hydras
  A quicksilver dragon zombie (Hell)
  12 ice dragons
  10 ogre magi
  7 spriggan air magi
  A catoblepas (Shoals:2)
  39 vault guards
  19 yaktaur captains
  A rakshasa (Depths:4)
  6 centaur warriors
  51 two-headed ogres
  2 merfolk aquamancers (Shoals:3)
  5 merfolk avatars
  20 dancing weapons
  10 deep troll earth magi
  5 death knights
  3 satyrs (Shoals:4)
  A titan zombie (Hell)
  5 deep troll shamans
  18 death yaks
  3 tengu warriors
  4 orc high priests (Orc:2)
  7 spriggan berserkers
  5 hell knights (Depths:3)
  A vampire mage (Depths:3)
  5 soul eaters
  2 iron golems (Hell)
  3 sun demons (Hell)
  A spectral death yak (Lair:4)
  22 deep elf knights
  8 skeletal warriors
  A fire crab (Shoals:4)
  3 salamander mystics
  4 shadow wraiths
  12 sea snakes
  5 flayed ghosts
  19 deep elf archers
  7 unseen horrors
  16 deep trolls
  2 glowing orange brains (Vaults:3)
  3 phantasmal warriors
  7 wizards
  17 orc knights
  35 harpies
  19 orb spiders
  16 ironbrand convokers
  A lindwurm (shapeshifter) (Vaults:5)
  6 orc sorcerers
  30 wolf spiders
  A necromancer (Hell)
  A mana viper (shapeshifter) (Vaults:5)
  A wolf spider zombie (D:15)
  An oklob plant (Lair:2)
  11 manticores
  18 moths of wrath
  80 deep elf magi
  2 salamanders (shapeshifter)
  10 fauns
  50 ugly things
  6 cyclopes
  5 molten gargoyles
  4 black mambas
  16 merfolk sirens
  13 salamanders
  9 elephants (Lair:6)
  2 guardian serpents (shapeshifter)
  9 rust devils
  3 gargoyles
  4 water nymphs
  Maurice (D:13)
  The ghost of floatboth the Conjurer, a novice DEWz of Ashenzari (D:7)
  An ice statue (IceCv)
  20 vault sentinels
  23 spiny frogs
  4 rime drakes
  A hellion (Hell)
  An efreet (D:15)
  A rime drake (shapeshifter) (Elf:3)
  47 yaktaurs
  11 demonic crawlers
  7 ice devils
  2 anaconda simulacra (IceCv)
  6 komodo dragons
  4 red devils
  9 freezing wraiths
  2 golden dragon simulacra (IceCv)
  4 tengu conjurers
  2 hydra zombies (Hell)
  13 trolls
  34 merfolk
  A troll (shapeshifter) (Vaults:5)
  2 meliai (shapeshifter)
  A harpy zombie (D:14)
  38 jumping spiders
  7 wind drakes
  A polar bear (Vaults:2)
  A hornet (shapeshifter) (Vaults:4)
  An alligator zombie (Hell)
  4 tyrant leeches
  19 hornets
  19 blink frogs
  A hydra skeleton (Hell)
  5 snapping turtles
  28 slime creatures
  A raiju (shapeshifter) (Depths:5)
  An ettin zombie (Hell)
  A dream sheep (shapeshifter) (Vaults:1)
  A stone giant simulacrum (Hell)
  11 hippogriffs
  A spectral black mamba (Lair:4)
  2 shadows
  6 spriggans
  6 air elementals
  A black mamba zombie (Hell)
  40 redbacks
  A wraith (Vaults:2)
  22 water elementals
  A tarantella (shapeshifter) (Vaults:5)
  20 yaks
  2 spriggans (shapeshifter)
  18 tarantellas
  2 dire elephant simulacra (IceCv)
  A wyvern (D:14)
  7 fire bats
  A human (shapeshifter) (Elf:1)
  18 fire elementals
  3 human simulacra
  2 basilisks
  5 hogs (Lair:3)
  A steam dragon (D:10)
  2 hungry ghosts
  A death yak simulacrum (IceCv)
  12 vampire mosquitoes
  8 harpy simulacra (IceCv)
  10 wargs
  3 iron troll simulacra (IceCv)
  A water moccasin (shapeshifter) (Vaults:3)
  A hell hound (Orc:2)
  4 hydra simulacra
  14 water moccasins
  A floating eye (Depths:4)
  10 porcupines
  57 orc warriors
  A manticore zombie (Hell)
  3 sky beasts
  3 black bears
  4 ice beasts
  3 phantoms
  A black mamba simulacrum (Lair:4)
  34 ogres
  15 wolves
  8 boggarts
  An ogre (shapeshifter) (Elf:1)
  10 centaurs
  14 crocodiles
  4 big kobolds
  26 bullfrogs
  9 earth elementals
  A wyvern zombie (D:13)
  3 spiny frog simulacra
  2 wyvern skeletons (D:12)
  4 scorpions
  An orc simulacrum (Vaults:2)
  10 killer bees
  A troll skeleton (Hell)
  17 wights
  4 howler monkeys
  A torpor snail simulacrum (Lair:1)
  4 electric eels
  8 crimson imps
  A bullfrog zombie (D:5)
  5 draconian simulacra (IceCv)
  13 hounds
  A water moccasin simulacrum (Lair:1)
  3 centaur zombies
  5 jellies
  2 komodo dragon simulacra (Lair:1)
  4 centaur skeletons
  41 orc priests
  3 iguanas
  9 bullfrog skeletons
  A gnoll shaman (D:3)
  34 orc wizards
  A worker ant (shapeshifter) (Vaults:5)
  11 worker ants
  5 hell rats (Hell)
  Terence (D:2)
  4 troll simulacra (IceCv)
  A spriggan simulacrum (IceCv)
  2 killer bee zombies
  2 centaur simulacra (IceCv)
  A bullfrog simulacrum (Lair:1)
  A hound skeleton (D:6)
  A worker ant zombie (D:6)
  10 gnolls
  14 adders
  3 naga simulacra (IceCv)
  An ogre simulacrum (IceCv)
  2 river rats (Sewer)
  2 shadow imps
  4 white imps (IceCv)
  7 ufetubi
  2 oozes
  2 worms
  3 dart slugs
  5 leopard geckos
  132 orcs
  13 ball pythons
  3 bats
  3 giant cockroaches
  7 goblins
  4 hobgoblins
  11 jackals
  2 quokkas
  8 frilled lizards
  24 kobolds
  A leopard gecko skeleton (D:5)
  33 rats
  3 butterflies (Lair:4)
  3 crawling corpses
  3 fire vortices (Elf:1)
  2 fungi
  9 plants
  5 tentacles
2497 creatures vanquished.

Vanquished Creatures (collateral kills)
  A hydra (D:12)
  An alligator (shapeshifter) (Depths:4)
  A centaur (D:12)
3 creatures vanquished.

Vanquished Creatures (others)
  A fire giant (Depths:4)
  An ogre mage (Depths:1)
  A hippogriff (D:10)
  4 fungi
  21 plants
  21 tentacles
  A withered plant (Shoals:1)
50 creatures vanquished.

Grand Total: 2550 creatures vanquished

Notes
Turn   | Place    | Note
-------+----------+-------------------------------------------
     0 | D:1      | Redear the Mummy Fighter began the quest for the Orb.
     0 | D:1      | Reached XP level 1. HP: 18/18 MP: 1/1
   130 | D:1      | Reached XP level 2. HP: 20/24 MP: 2/2
   638 | D:1      | Reached XP level 3. HP: 24/29 MP: 3/3
   950 | D:2      | Reached skill level 2 in Axes
   999 | D:2      | Reached skill level 1 in Dodging
  1054 | D:2      | Noticed Terence
  1069 | D:2      | Killed Terence
  1069 | D:2      | Reached XP level 4. HP: 29/35 MP: 4/4
  1321 | D:3      | Found a glowing golden altar of the Shining One.
  1428 | D:3      | Reached skill level 3 in Shields
  1535 | D:3      | Noticed a fire elemental
  1538 | D:3      | Found a stormy altar of Qazlal.
  1542 | D:3      | Noticed a water elemental
  1552 | D:3      | Noticed an air elemental
  1553 | D:3      | Noticed an earth elemental
  2222 | D:4      | Reached skill level 3 in Armour
  2222 | D:4      | Reached XP level 5. HP: 33/42 MP: 5/5
  2345 | D:4      | Noticed an ogre
  2812 | D:4      | Got an emerald-encrusted leather armour
  2968 | D:4      | Found a staircase to the Ecumenical Temple.
  2974 | D:4      | Reached skill level 4 in Fighting
  2978 | Temple   | Entered the Ecumenical Temple
  3065 | Temple   | Became a worshipper of Warmaster Okawaru
  3379 | D:4      | Identified the +1 leather armour of Vext {-Cast Str+10
                  | Stlth+} (You found it on level 4 of the Dungeon)
  3473 | D:4      | Reached XP level 6. HP: 32/48 MP: 6/6
  3544 | D:3      | Reached skill level 2 in Dodging
  4220 | D:5      | Entered Level 5 of the Dungeon
  4374 | D:5      | Reached skill level 3 in Axes
  4449 | D:5      | Reached XP level 7. HP: 44/55 MP: 7/7
  4492 | D:5      | Reached * piety under Okawaru
  4576 | D:5      | Reached skill level 4 in Armour
  4576 | D:5      | Reached skill level 4 in Shields
  4580 | D:5      | Found a glowing drain.
  4594 | Sewer    | Entered a sewer
  4907 | Sewer    | Reached skill level 3 in Dodging
  5174 | Sewer    | Reached skill level 5 in Fighting
  5196 | Sewer    | Reached skill level 1 in Invocations
  5196 | Sewer    | Reached XP level 8. HP: 35/62 MP: 6/8
  5993 | D:6      | Reached skill level 4 in Axes
  6052 | D:6      | Reached skill level 2 in Invocations
  6874 | D:7      | Found a flagged portal.
  6898 | Bailey   | Entered a bailey
  7066 | Bailey   | Noticed an orc knight
  7076 | Bailey   | Reached skill level 4 in Dodging
  7076 | Bailey   | Reached XP level 9. HP: 45/69 MP: 7/11
  7149 | Bailey   | Found a burning altar of Makhleb.
  7523 | D:7      | Reached skill level 5 in Shields
  7601 | D:7      | Reached skill level 6 in Fighting
  7777 | D:7      | Reached skill level 3 in Invocations
  7796 | D:7      | Reached ** piety under Okawaru
  7796 | D:7      | Reached skill level 5 in Armour
  7961 | D:7      | Got an ancient glaive
  7991 | D:7      | Found a runed translucent gate.
  7991 | D:7      | Found a runed translucent gate.
  7991 | D:7      | Found a runed translucent gate.
  7992 | D:7      | Noticed floatboth's ghost (novice DEWz)
  8492 | D:8      | Noticed a two-headed ogre
  8861 | D:8      | Reached skill level 5 in Axes
  9213 | D:8      | Found a burning altar of Makhleb.
  9615 | D:8      | Found a stormy altar of Qazlal.
  9616 | D:8      | Found a deep blue altar of Sif Muna.
 10324 | D:9      | Reached skill level 5 in Dodging
 10620 | D:9      | Reached XP level 10. HP: 33/77 MP: 4/12
 10701 | D:9      | Reached skill level 7 in Fighting
 11379 | D:10     | Entered Level 10 of the Dungeon
 11470 | D:10     | Found a staircase to the Lair.
 11470 | D:10     | Noticed a death yak
 11472 | D:10     | Noticed a death yak
 11472 | D:10     | Noticed a death yak
 11473 | D:10     | Noticed a death yak
 11508 | D:9      | Killed a death yak
 11508 | D:9      | Reached skill level 6 in Armour
 11508 | D:9      | Reached skill level 6 in Shields
 11572 | D:10     | Noticed a manticore
 11580 | D:10     | Found an ancient bone altar of Kikubaaqudgha.
 11879 | D:10     | Killed a manticore
 11879 | D:10     | Reached *** piety under Okawaru
 11879 | D:10     | Reached skill level 6 in Axes
 11953 | D:10     | Found a white marble altar of Elyvilon.
 12338 | D:10     | Found a staircase to the Orcish Mines.
 12338 | D:10     | Noticed a death yak
 12933 | D:10     | Reached skill level 6 in Dodging
 13005 | D:9      | Reached skill level 8 in Fighting
 13255 | D:9      | Killed a death yak
 13272 | D:9      | Killed a death yak
 13272 | D:9      | Reached **** piety under Okawaru
 13272 | D:9      | Reached XP level 11. HP: 30/86 MP: 3/13
 13522 | D:9      | Killed a death yak
 13537 | D:9      | Killed a death yak
 13537 | D:9      | Reached skill level 7 in Shields
 13675 | D:10     | Reached skill level 7 in Armour
 14197 | D:10     | Noticed a two-headed ogre
 14209 | D:10     | Killed a two-headed ogre
 14413 | D:8      | Killed a two-headed ogre
 14413 | D:8      | Reached skill level 7 in Axes
 14785 | D:11     | Reached skill level 9 in Fighting
 15285 | D:12     | Reached skill level 7 in Dodging
 15609 | D:12     | Noticed an eight-headed hydra
 15611 | D:12     | Found a bloodstained altar of Trog.
 15669 | Lair:1   | Entered Level 1 of the Lair of Beasts
 15871 | Lair:1   | Reached ***** piety under Okawaru
 15871 | Lair:1   | Reached XP level 12. HP: 72/95 MP: 12/14
 16223 | Lair:1   | Found a runed translucent gate.
 16223 | Lair:1   | Found a runed translucent gate.
 16223 | Lair:1   | Found a runed translucent gate.
 16250 | Lair:1   | Got a pitted jade ring
 16315 | Lair:1   | Noticed Pozxeom's ghost (journeyman GnSk)
 16833 | Lair:1   | Reached skill level 8 in Shields
 17570 | Lair:1   | Killed Pozxeom's ghost
 17781 | Lair:1   | Got a twisted shield
 17798 | Lair:1   | Identified the +2 shield of Dohunah {Dex+5} (You found it
                  | on level 1 of the Lair of Beasts)
 17800 | Lair:1   | Identified the ring of Geocu {rCorr rN+ Str+4 Dex-5} (You
                  | found it on level 1 of the Lair of Beasts)
 17846 | Lair:2   | Reached skill level 8 in Armour
 18721 | Lair:2   | Noticed a five-headed hydra
 19099 | Lair:2   | Reached skill level 4 in Invocations
 19103 | Lair:2   | Identified Devo's Collected Works on Helpful Lightness
 19132 | Lair:2   | Reached skill level 8 in Axes
 19177 | Lair:2   | Found a staircase to the Shoals.
 19575 | Lair:2   | Reached skill level 10 in Fighting
 20067 | Lair:3   | Reached skill level 8 in Dodging
 20110 | Lair:3   | Noticed Gastronok
 20413 | Lair:3   | Noticed a six-headed hydra
 20508 | Lair:3   | Killed Gastronok
 20689 | Lair:3   | Killed a six-headed hydra
 20689 | Lair:3   | Reached skill level 5 in Invocations
 20689 | Lair:3   | Gained mutation: You are in touch with the powers of death.
                  | [Mummy growth]
 20689 | Lair:3   | Reached XP level 13. HP: 52/103 MP: 7/16
 21056 | Lair:4   | Noticed Kirke
 21443 | Lair:3   | Killed Kirke
 21443 | Lair:3   | Reached ****** piety under Okawaru
 21443 | Lair:3   | Received a gift from Okawaru
 21446 | Lair:3   | Got an ancient hat {god gift}
 21458 | Lair:3   | Identified the +1 hat of Trumpets {*Contam rCorr Stlth+}
                  | (Okawaru gifted it to you on level 3 of the Lair of Beasts)
 22006 | Lair:4   | Noticed Snorg
 22025 | Lair:4   | Killed Snorg
 22390 | Lair:4   | Found a hole to the Spider Nest.
 22437 | Lair:4   | Found a runed translucent gate.
 22437 | Lair:4   | Found a runed translucent gate.
 22441 | Lair:4   | Found a runed translucent gate.
 22730 | Lair:4   | Noticed kirsanium's ghost (journeyman NaTm)
 22900 | Lair:4   | Killed kirsanium's ghost
 22900 | Lair:4   | Reached skill level 9 in Shields
 23286 | Lair:4   | Reached skill level 9 in Armour
 23784 | Lair:5   | Found a runed translucent door.
 24047 | Lair:5   | Reached skill level 6 in Invocations
 24169 | Lair:5   | Noticed Tuudo's ghost (journeyman DsFi)
 24169 | Lair:5   | Identified the cursed +2 spear "Beir" {pierce, +Inv rF-
                  | Int+4}
 24201 | Lair:6   | Entered Level 6 of the Lair of Beasts
 24453 | Lair:5   | Reached skill level 9 in Axes
 24649 | Lair:6   | Received a gift from Okawaru
 24653 | Lair:6   | Reached skill level 11 in Fighting
 24655 | Lair:6   | Reached skill level 9 in Dodging
 24720 | Lair:6   | Reached XP level 14. HP: 113/113 MP: 18/18
 24916 | Lair:6   | Reached skill level 7 in Invocations
 24979 | Lair:6   | Received a gift from Okawaru
 25140 | Lair:6   | Noticed an emperor scorpion
 25140 | Lair:6   | an eight-headed hydra changed into an emperor scorpion
 25172 | Lair:6   | Killed an emperor scorpion
 25172 | Lair:6   | Received a gift from Okawaru
 25509 | Lair:6   | Found a viscous altar of Jiyva.
 25509 | Lair:6   | Found a staircase to the Slime Pits.
 26468 | Orc:1    | Entered Level 1 of the Orcish Mines
 26611 | Orc:2    | Entered Level 2 of the Orcish Mines
 26736 | Orc:1    | Noticed an orc warlord
 26859 | Orc:2    | Noticed Azrael
 26948 | Orc:2    | Received a gift from Okawaru
 26995 | Orc:2    | Noticed an orc warlord
 27439 | Orc:2    | Noticed Jorgrun
 27510 | Orc:2    | Found a staircase to the Elven Halls.
 27681 | Orc:2    | Killed an orc warlord
 27697 | Orc:2    | Killed Jorgrun
 27697 | Orc:2    | Reached skill level 10 in Armour
 27697 | Orc:2    | Reached skill level 10 in Shields
 27846 | Orc:2    | Noticed an orc warlord
 27880 | Orc:2    | Killed an orc warlord
 27880 | Orc:2    | Received a gift from Okawaru
 27911 | Orc:2    | Found a roughly hewn altar of Beogh.
 27951 | Orc:2    | Reached skill level 10 in Axes
 28039 | Orc:2    | Found Syadghiom's General Store.
 28090 | Orc:2    | Found Zistruut's Magic Scroll Shop.
 28110 | Orc:2    | Reached XP level 15. HP: 69/120 MP: 20/20
 28142 | Orc:2    | Bought a scroll of acquirement for 676 gold pieces
 28146 | Orc:2    | Got a slimy buckler
 28159 | Orc:2    | Identified the +1 buckler of Kyquma {rF+ Dex+3 Stlth+} (You
                  | acquired it on level 2 of the Orcish Mines)
 28861 | Orc:2    | Killed Azrael
 28861 | Orc:2    | Reached skill level 8 in Invocations
 29025 | Orc:2    | Found Guuwin's Book Emporium.
 29068 | Orc:2    | Found Zipuset's Antique Weapon Shoppe.
 29088 | Orc:2    | Reached skill level 12 in Fighting
 29308 | Orc:2    | Reached skill level 10 in Dodging
 29333 | Orc:2    | Found a roughly hewn altar of Beogh.
 29992 | Orc:1    | Killed an orc warlord
 30608 | Lair:6   | Killed Tuudo's ghost
 30803 | Lair:5   | Received a gift from Okawaru
 30925 | Spider:1 | Entered Level 1 of the Spider Nest
 31034 | Spider:1 | Received a gift from Okawaru
 31053 | Spider:1 | Found a frozen archway.
 31082 | Spider:1 | Got a scorched broad axe {god gift}
 31084 | Spider:1 | Identified the +7 broad axe of Mastery {speed, +Blink MR+
                  | Str+7 Dex-4} (Okawaru gifted it to you on level 1 of the
                  | Spider Nest)
 31133 | IceCv    | Entered an ice cave
 32941 | IceCv    | Got a pair of brightly glowing gloves
 33123 | IceCv    | Identified the -2 pair of gloves of Vehumet's Anger {Str+5}
                  | (You found it in an ice cave)
 33205 | Spider:1 | Got a twitching iron ring
 33658 | Spider:1 | Identified the ring of Doors {rC+ MR+} (You found it on
                  | level 1 of the Spider Nest)
 34026 | Spider:1 | Reached skill level 11 in Armour
 34026 | Spider:1 | Reached skill level 11 in Shields
 34339 | Spider:2 | Received a gift from Okawaru
 34446 | Spider:2 | Received a gift from Okawaru
 34461 | Spider:2 | Reached skill level 13 in Fighting
 34747 | Spider:2 | Reached XP level 16. HP: 106/130 MP: 22/22
 35125 | Spider:2 | Identified Roxanne's Incunabulum of Earth
 35125 | Spider:2 | Noticed Roxanne
 35836 | Spider:3 | Reached skill level 11 in Dodging
 36515 | Spider:3 | Received a gift from Okawaru
 37052 | Spider:4 | Entered Level 4 of the Spider Nest
 37638 | Spider:4 | Noticed Arachne
 37917 | Spider:4 | Killed Arachne
 38013 | Spider:4 | Found a runed translucent door.
 38021 | Spider:4 | Noticed Mismuhuamn's ghost (adept DEEE)
 38044 | Spider:4 | Killed Mismuhuamn's ghost
 38071 | Spider:4 | Identified Sif Muna's Volume of Mutagenic Snow
 38951 | Shoals:1 | Entered Level 1 of the Shoals
 39039 | Shoals:1 | Received a gift from Okawaru
 39050 | Shoals:1 | Got a pair of dazzling gloves {god gift}
 39056 | Shoals:1 | Identified the +0 pair of gloves of Distant Worlds {Str+2
                  | Stlth+} (Okawaru gifted it to you on level 1 of the Shoals)
 39083 | Shoals:1 | Found Yhanutio's Antique Armour Emporium.
 39605 | Shoals:1 | Reached skill level 12 in Shields
 39636 | Shoals:1 | Reached skill level 12 in Armour
 39709 | Shoals:1 | Found a runed translucent door.
 39713 | Shoals:1 | Noticed MirrMurr's ghost (adept SpEn)
 39733 | Shoals:1 | Killed MirrMurr's ghost
 39733 | Shoals:1 | Reached skill level 14 in Fighting
 39823 | Shoals:1 | Noticed a kraken
 39851 | Shoals:1 | Killed a kraken
 39970 | Shoals:1 | Got an ancient broad axe
 39972 | Shoals:1 | Identified the +7 broad axe of Hospitality {drain, Int+3}
                  | (You found it on level 1 of the Shoals)
 40675 | Shoals:2 | Reached XP level 17. HP: 130/139 MP: 21/23
 41011 | Shoals:2 | Noticed Polyphemus
 41025 | Shoals:2 | Reached skill level 12 in Dodging
 41041 | Shoals:2 | Killed Polyphemus
 41261 | Shoals:2 | Received a gift from Okawaru
 41272 | Shoals:2 | Got an encrusted cloak {god gift}
 41288 | Shoals:2 | Identified the +1 cloak of the Evening {rCorr Int-5 Dex+9}
                  | (Okawaru gifted it to you on level 2 of the Shoals)
 42066 | Shoals:3 | HP: 7/140 [snapping turtle (12)]
 42692 | Shoals:3 | Found Ythytiaf's Gadget Boutique.
 42944 | Shoals:4 | Entered Level 4 of the Shoals
 43006 | Shoals:3 | Noticed a kraken
 43038 | Shoals:3 | Killed a kraken
 43492 | Shoals:4 | Got a pair of translucent gloves
 43513 | Shoals:4 | Identified the +0 pair of gloves of Lugonu's Regard {+Fly
                  | Str+4 Dex+5 Stlth-} (You found it on level 4 of the Shoals)
 43733 | Shoals:4 | Received a gift from Okawaru
 43759 | Shoals:4 | Got a fine chain mail {god gift}
 43770 | Shoals:4 | Identified the +0 chain mail "Paw Cint" {rPois Slay+2}
                  | (Okawaru gifted it to you on level 4 of the Shoals)
 44307 | Shoals:4 | Reached skill level 15 in Fighting
 44349 | Shoals:4 | Got a barnacled rune of Zot
 44623 | Shoals:4 | Reached XP level 18. HP: 134/149 MP: 24/24
 44647 | Shoals:4 | Reached skill level 13 in Armour
 44647 | Shoals:4 | Reached skill level 13 in Shields
 45329 | Orc:2    | Bought a manual of Axes for 1876 gold pieces
 45480 | D:7      | Killed floatboth's ghost
 45802 | Slime:1  | Entered Level 1 of the Pits of Slime
 45995 | Spider:4 | Lost intelligence.
 46096 | Spider:4 | Received a gift from Okawaru
 46434 | Spider:4 | Got a bloodstained war axe {god gift}
 46435 | Spider:4 | Identified the +7 war axe of Foolhardiness {venom, Stlth+}
                  | (Okawaru gifted it to you on level 4 of the Spider Nest)
 46462 | Spider:4 | Reached skill level 11 in Axes
 46638 | Spider:4 | Reached skill level 12 in Axes
 46681 | Spider:4 | Got a gossamer rune of Zot
 46776 | Spider:2 | Killed Roxanne
 47242 | D:12     | Received a gift from Okawaru
 47290 | D:12     | Found a glowing silver altar of Zin.
 47346 | D:12     | Identified the ring "Nisk" {rCorr rElec}
 47357 | D:12     | Reached skill level 13 in Axes
 47454 | D:12     | Found a sparkling altar of Nemelex Xobeh.
 47457 | D:12     | Found a radiant altar of Vehumet.
 47490 | D:12     | Found an ancient bone altar of Kikubaaqudgha.
 47491 | D:12     | Found a blossoming altar of Fedhas.
 47491 | D:12     | Found a white marble altar of Elyvilon.
 48059 | D:12     | Got a heavily runed cloak
 48111 | D:12     | Identified the +3 cloak of Complete Protection {Regen+}
                  | (You found it on level 12 of the Dungeon)
 48306 | D:13     | Reached skill level 14 in Axes
 48316 | D:13     | Noticed Nessos
 48330 | D:13     | Killed Nessos
 48366 | D:13     | Noticed Rupert
 48379 | D:13     | Killed Rupert
 48459 | D:13     | Found a gate to the Vaults.
 48524 | D:13     | You fall through a shaft for 2 floors!
 48524 | D:15     | Entered Level 15 of the Dungeon
 48785 | D:15     | Received a gift from Okawaru
 48857 | D:14     | Found a shattered altar of Ashenzari.
 49000 | D:14     | Reached skill level 15 in Axes
 49537 | D:13     | Noticed Maurice
 49545 | D:13     | Killed Maurice
 49581 | D:13     | Identified the Papyrus of Torrid Boosts
 49842 | D:14     | Reached XP level 19. HP: 155/155 MP: 25/25
 49872 | D:14     | Received a gift from Okawaru
 49973 | D:14     | Noticed Louise
 49984 | D:14     | Killed Louise
 50375 | D:15     | Received a gift from Okawaru
 50375 | D:15     | Reached skill level 13 in Dodging
 50448 | D:15     | Got a dazzling ring mail {god gift}
 50560 | D:15     | Found a staircase to the Depths.
 51102 | Vaults:1 | Entered Level 1 of the Vaults
 51201 | Vaults:1 | Noticed Neal's ghost (adept DDFi)
 51206 | Vaults:1 | Found a runed translucent gate.
 51206 | Vaults:1 | Found a runed translucent gate.
 51206 | Vaults:1 | Found a runed translucent gate.
 51235 | Vaults:1 | Killed Neal's ghost
 51267 | Vaults:1 | Identified the Grimoire of Toxic Evil Rituals
 51662 | Vaults:1 | Noticed a Brimstone Fiend
 52199 | Vaults:1 | Received a gift from Okawaru
 52925 | Vaults:2 | Received a gift from Okawaru
 53004 | Vaults:2 | Received a gift from Okawaru
 53021 | Vaults:2 | Reached skill level 14 in Shields
 53070 | Vaults:2 | Reached skill level 14 in Armour
 53282 | Vaults:2 | Reached XP level 20. HP: 114/162 MP: 26/26
 53318 | Vaults:2 | Reached skill level 14 in Dodging
 53616 | Vaults:2 | Found Teyjyib's Distillery.
 54231 | Vaults:3 | Received a gift from Okawaru
 54413 | Vaults:3 | Found a staircase to the Crypt.
 54413 | Vaults:3 | Found an ancient bone altar of Kikubaaqudgha.
 54414 | Vaults:3 | Found a basalt altar of Yredelemnul.
 55368 | Vaults:3 | Identified the +1 ring mail of Repoboirche {-Cast rElec
                  | Int+7} (Okawaru gifted it to you on level 15 of the
                  | Dungeon)
 55646 | Vaults:4 | Noticed Donald
 55655 | Vaults:4 | Killed Donald
 55655 | Vaults:4 | Received a gift from Okawaru
 55942 | Vaults:4 | Received a gift from Okawaru
 56239 | Vaults:4 | Reached skill level 15 in Shields
 56337 | Vaults:4 | Reached skill level 15 in Armour
 56784 | Vaults:5 | Entered Level 5 of the Vaults
 56805 | Vaults:5 | Reached skill level 15 in Dodging
 56805 | Vaults:5 | Identified the ring "Zolos" {rF+ MR- EV+3 Str+4 Dex+5}
 56828 | Vaults:5 | Reached XP level 21. HP: 168/168 MP: 27/27
 56840 | Vaults:5 | Noticed an ancient lich
 56852 | Vaults:5 | Killed an ancient lich
 56860 | Vaults:5 | Received a gift from Okawaru
 56889 | Vaults:5 | Noticed a golden dragon
 56903 | Vaults:5 | Killed a golden dragon
 57284 | Vaults:5 | Identified Sif Muna's Disquisition on Glacial Heat
 57317 | Vaults:5 | Received a gift from Okawaru
 57495 | Vaults:5 | Got transparent quicksilver dragon scales {god gift}
 57605 | Vaults:5 | Reached skill level 16 in Shields
 57632 | Vaults:5 | Reached skill level 16 in Armour
 57909 | Vaults:5 | Received a gift from Okawaru
 57929 | Vaults:5 | Reached skill level 16 in Dodging
 57992 | Vaults:5 | Reached XP level 22. HP: 165/175 MP: 28/28
 58520 | Vaults:5 | Found Xuokhlued's Magic Scroll Boutique.
 58526 | Vaults:5 | Bought a scroll of enchant armour for 172 gold pieces
 58526 | Vaults:5 | Bought a scroll of enchant armour for 172 gold pieces
 58526 | Vaults:5 | Bought a scroll of summoning for 218 gold pieces
 58526 | Vaults:5 | Bought a scroll of magic mapping for 80 gold pieces
 59126 | Vaults:5 | Got a silver rune of Zot
 59282 | Vaults:5 | Identified the quicksilver dragon scales of Objectivity
                  | {*Corrode +Fly MR+ Str+3 Stlth+} (Okawaru gifted it to you
                  | on level 5 of the Vaults)
 59718 | Orc:2    | Bought a scroll of acquirement for 676 gold pieces
 59728 | Orc:2    | Got a transparent iron amulet
 59729 | Orc:2    | Identified the amulet "Qiwi" {Acrobat rN+} (You acquired it
                  | on level 2 of the Orcish Mines)
 59792 | Elf:1    | Entered Level 1 of the Elven Halls
 59886 | Elf:1    | Received a gift from Okawaru
 59921 | Elf:1    | Identified the Collected Works on Calling
 60595 | Elf:1    | Identified the Compendium of Stones
 60598 | Elf:1    | Identified the Grimoire of the Mountains
 60690 | Elf:1    | Noticed Aizul
 60709 | Elf:1    | Killed Aizul
 61760 | Elf:2    | Found a runed translucent gate.
 61760 | Elf:2    | Found a runed translucent gate.
 61761 | Elf:2    | Found a runed translucent gate.
 61845 | Elf:2    | Received a gift from Okawaru
 61859 | Elf:2    | Reached skill level 17 in Armour
 61859 | Elf:2    | Reached skill level 17 in Shields
 62246 | Elf:3    | Entered Level 3 of the Elven Halls
 62471 | Elf:3    | Found a radiant altar of Vehumet.
 62539 | Elf:3    | Found Xofal's Antique Weapon Emporium.
 62879 | Elf:3    | Found a runed translucent door.
 63122 | Elf:3    | Reached XP level 23. HP: 171/181 MP: 29/29
 63298 | Elf:3    | Received a gift from Okawaru
 63298 | Elf:3    | Identified the +9 mace of the Living Dead {speed, Int+6
                  | Dex+4}
 63332 | Elf:3    | Reached skill level 18 in Shields
 63756 | Elf:3    | Identified a +0 pair of boots of running (You found it on
                  | level 3 of the Elven Halls)
 63809 | Elf:3    | Learned a level 5 spell: Borgnjor's Vile Clutch
 63812 | Elf:3    | Learned a level 2 spell: Blink
 63815 | Elf:3    | Learned a level 2 spell: Song of Slaying
 63819 | Elf:3    | Learned a level 3 spell: Lesser Beckoning
 63826 | Elf:3    | Learned a level 6 spell: Deflect Missiles
 64181 | Depths:1 | Entered Level 1 of the Depths
 64274 | Depths:1 | Reached skill level 1 in Necromancy
 64288 | Depths:1 | Reached skill level 2 in Necromancy
 64421 | Depths:1 | Reached skill level 3 in Necromancy
 64513 | Depths:1 | Reached skill level 4 in Necromancy
 64716 | Depths:1 | Reached skill level 5 in Necromancy
 64838 | Depths:1 | Received a gift from Okawaru
 64849 | Depths:1 | Reached skill level 6 in Necromancy
 65108 | Depths:1 | Found a gateway to Hell.
 65553 | Depths:2 | Found Beebrah's Gadget Shoppe.
 65556 | Depths:2 | Found Goipt's Jewellery Emporium.
 65589 | Depths:2 | Reached skill level 7 in Necromancy
 65944 | Depths:2 | Found a portal to a secret trove of treasure.
 66282 | Hell     | Entered the Vestibule of Hell
 66282 | Hell     | Noticed Geryon
 66312 | Hell     | Killed Geryon
 66312 | Hell     | Reached skill level 8 in Necromancy
 66396 | Hell     | Reached skill level 9 in Necromancy
 66443 | Hell     | Found a gateway to the Iron City of Dis.
 66556 | Hell     | Found a gateway to the freezing wastes of Cocytus.
 66703 | Hell     | Reached skill level 10 in Necromancy
 66720 | Hell     | Received a gift from Okawaru
 66724 | Hell     | Found a gateway to the decaying netherworld of Tartarus.
 66785 | Hell     | Found a gateway to the ashen valley of Gehenna.
 66873 | Depths:2 | You paid a toll of the horn of Geryon to enter a treasure
                  | trove
 66874 | Trove    | Entered a treasure trove
 66880 | Trove    | Got a scorched large shield
 66884 | Trove    | Got a colourful robe
 66892 | Trove    | Got a pair of smoking boots
 66899 | Trove    | Got a pair of shimmering boots
 66917 | Trove    | Identified the +3 large shield of the Crushed Princes
                  | {Int+3 Stlth-} (You found it in a treasure trove)
 66918 | Trove    | Identified the +2 pair of boots "Zurahos" {rPois rF+ Str-5
                  | Slay+2} (You found it in a treasure trove)
 66919 | Trove    | Identified the +1 pair of boots of the Bard {Stlth+} (You
                  | found it in a treasure trove)
 66925 | Trove    | Got a dazzling shield
 66926 | Trove    | Identified the +0 shield of Unambiguity {Int+6} (You found
                  | it in a treasure trove)
 66927 | Trove    | Identified the +4 robe of Ojuvvof {Str+2} (You found it in
                  | a treasure trove)
 66947 | Trove    | Got a distressingly furry plate armour
 66950 | Trove    | Identified the +7 plate armour "Juvoumif" {+Blink MR+
                  | Regen+} (You found it in a treasure trove)
 67334 | Depths:3 | Found a one-way gate leading to the halls of Pandemonium.
 67341 | Depths:3 | Reached skill level 11 in Necromancy
 67360 | Depths:3 | Reached XP level 24. HP: 176/189 MP: 28/29
 67465 | Depths:3 | Found a one-way gate to the infinite horrors of the Abyss.
 67491 | Depths:3 | Noticed Margery
 67504 | Depths:3 | Killed Margery
 67519 | Depths:3 | Received a gift from Okawaru
 67651 | Depths:3 | Reached skill level 12 in Necromancy
 67924 | Depths:3 | Received a gift from Okawaru
 67924 | Depths:3 | Reached skill level 13 in Necromancy
 67975 | Depths:3 | Received a gift from Okawaru
 67981 | Depths:3 | Got a pair of heavily runed gloves {god gift}
 67982 | Depths:3 | Identified the +1 pair of gloves "Pounaq" {+Blink} (Okawaru
                  | gifted it to you on level 3 of the Depths)
 68271 | Depths:3 | Reached skill level 14 in Necromancy
 68384 | Depths:3 | Identified the Compendium of the Creative Voyage
 68461 | Depths:3 | Got a bloodstained broad axe
 68462 | Depths:3 | Identified the cursed +2 broad axe "Xom's Full Attention"
                  | {speed, Dex+3} (You found it on level 3 of the Depths)
 68825 | Depths:3 | Found a gateway to a ziggurat.
 68938 | Depths:4 | Noticed a juggernaut
 68959 | Depths:4 | Killed a juggernaut
 68959 | Depths:4 | Reached skill level 15 in Necromancy
 68965 | Depths:4 | Noticed an ancient lich
 68969 | Depths:4 | Reached skill level 1 in Earth Magic
 68987 | Depths:4 | Killed an ancient lich
 68987 | Depths:4 | Reached skill level 2 in Earth Magic
 68992 | Depths:4 | Reached skill level 3 in Earth Magic
 69021 | Depths:4 | Reached skill level 4 in Earth Magic
 69066 | Depths:4 | Reached skill level 5 in Earth Magic
 69108 | Depths:4 | Noticed a juggernaut
 69138 | Depths:3 | Reached skill level 6 in Earth Magic
 69357 | Depths:4 | Received a gift from Okawaru
 69572 | Depths:4 | Killed a juggernaut
 69572 | Depths:4 | Reached skill level 7 in Earth Magic
 69576 | Depths:4 | Reached XP level 25. HP: 195/195 MP: 29/29
 69594 | Depths:4 | Reached skill level 1 in Spellcasting
 69650 | Depths:4 | Reached skill level 2 in Spellcasting
 69732 | Depths:4 | Reached skill level 3 in Spellcasting
 69764 | Depths:4 | Reached skill level 4 in Spellcasting
 69927 | Depths:4 | Reached skill level 5 in Spellcasting
 70135 | Depths:4 | Received a gift from Okawaru
 70165 | Depths:4 | Reached skill level 6 in Spellcasting
 70353 | Depths:4 | Reached skill level 7 in Spellcasting
 70547 | Depths:4 | Learned a level 1 spell: Apportation
 70580 | Depths:5 | Entered Level 5 of the Depths
 70604 | Depths:5 | Noticed Usecujea's ghost (veteran GnWn)
 70606 | Depths:5 | Noticed a juggernaut
 70642 | Depths:5 | Found a runed translucent gate.
 70642 | Depths:5 | Found a runed translucent gate.
 70642 | Depths:5 | Found a runed translucent gate.
 70686 | Depths:5 | Reached skill level 8 in Spellcasting
 70689 | Depths:5 | Noticed a juggernaut
 70689 | Depths:5 | an iron dragon changed into a juggernaut
 70690 | Depths:5 | a juggernaut changed into a titan
 70718 | Depths:4 | Reached skill level 9 in Spellcasting
 70790 | Depths:5 | Reached skill level 10 in Spellcasting
 71043 | Depths:5 | Reached skill level 11 in Spellcasting
 71214 | Depths:5 | Received a gift from Okawaru
 71358 | Depths:5 | Got a crude bronze ring
 71361 | Depths:5 | Identified the ring "Lisku" {Wiz Str+7} (You found it on
                  | level 5 of the Depths)
 71428 | Depths:5 | Found Wehoc's General Store.
 71431 | Depths:5 | Noticed a juggernaut
 71441 | Depths:5 | Killed a juggernaut
 71441 | Depths:5 | Received a gift from Okawaru
 71441 | Depths:5 | Reached skill level 12 in Spellcasting
 71442 | Depths:5 | Found the +27 Lear's hauberk
 71587 | Depths:5 | Found a gate to the Realm of Zot.
 71646 | Depths:5 | Reached skill level 13 in Spellcasting
 71968 | Zot:1    | Entered Level 1 of the Realm of Zot
 72034 | Zot:1    | Upgraded the game from 0.24-a0-271-ga0fc33f724 to
                  | 0.24-a0-272-g14115134c2
 72080 | Zot:1    | Reached skill level 19 in Shields
 72214 | Depths:5 | Bought the +9 crystal plate armour of the Mind {Dex+3} for
                  | 1252 gold pieces
 72437 | Depths:5 | Bought a scroll of magic mapping for 35 gold pieces
 72503 | Depths:5 | Received a gift from Okawaru
 72528 | Depths:5 | Killed a juggernaut
 72551 | Depths:5 | Killed Usecujea's ghost
 72748 | Zot:1    | Gained mutation: You are strongly in touch with the powers
                  | of death. [Mummy growth]
 72748 | Zot:1    | Reached XP level 26. HP: 196/202 MP: 40/40
 72856 | Zot:1    | Noticed an orb of fire
 72883 | Zot:1    | Noticed an orb of fire
 72889 | Zot:1    | Killed an orb of fire
 72902 | Zot:1    | Killed an orb of fire
 72902 | Zot:1    | Received a gift from Okawaru
 72952 | Zot:1    | Reached skill level 20 in Shields
 73541 | Zot:2    | Received a gift from Okawaru
 73674 | Zot:2    | Reached skill level 21 in Shields
 73941 | Zot:2    | Got a twitching marble ring
 73942 | Zot:2    | Identified the cursed ring "Kiggev" {+Blink +Inv rF+ rC+
                  | Str-3} (You found it on level 2 of the Realm of Zot)
 74738 | Zot:3    | Received a gift from Okawaru
 74783 | Zot:3    | Reached skill level 22 in Shields
 75026 | Zot:3    | Reached XP level 27. HP: 167/208 MP: 40/40
 75420 | Zot:4    | Noticed an orb of fire
 75441 | Zot:4    | Received a gift from Okawaru
 75469 | Zot:4    | Killed an orb of fire
 75469 | Zot:4    | Reached skill level 23 in Shields
 76072 | Zot:4    | Noticed an orb of fire
 76108 | Zot:4    | HP: 18/209 [orb of fire/fireball (32)]
 76110 | Zot:4    | Killed from afar by an orb of fire

Levels and vault maps discovered:
D:1:      evilmike_arrival_fibonacci_small, layout_basic
D:2:      layout_loops_cross, first_ration, uniq_terence
D:3:      layout_loops_corners, tso_metal_star, nicolae_qazlal_style_of_elements
D:4:      layout_loops_ring, temple_green
D:5:      layout_gridville, cheibrodos_sewer_entry_bend
D:6:      layout_gridville, chequers_serial_rivers_micro_e
D:7:      layout_basic, ebering_ghost_rock_garden, enter_bailey_3,
          skrybe_limestone_x, kennysheep_generic_room_10
D:8:      layout_loops_cross, nicolae_overflow_hidden_temple, old_standard_altar
D:9:      layout_rooms, chequers_mini_garden, st_stairs_9
D:10:     minmay_angry_zag, layout_cross, dpeg_lair_monsters, orc_0_dummy,
          st_stairs_1, grunt_ogre_cave, hangedman_decor_growths,
          hangedman_feature_mirror, roderic_serpentine_path
D:11:     layout_small_grid, minivault_11
D:12:     minmay_the_grid_octo_2x2 [minmay_the_grid_octo_clover_2,
          minmay_the_grid_octo_shrine, minmay_the_grid_octo_vomiting_pacman,
          minmay_the_grid_octo_prize_star], layout_long_grid, kennysheep_path_1,
          grunt_ministairs_6, hangedman_feature_mirror
D:13:     layout_basic, erik_vaults_2, uniq_rupert, uniq_maurice, uniq_nessos
D:14:     layout_long_grid, hangedman_abyss_or_decor_stabs,
          nicolae_ashenzari_panopticon, uniq_louise
D:15:     hangedman_depths_entry_try_elsewhere_first, layout_loops_ring,
          serial_bayou_pond_d, drop_trap
Temple:   dpeg_five_rooms_temple
Lair:1:   layout_regular_city, gammafunk_ghost_icy,
          chequers_serial_rivers_room_a
Lair:2:   layout_long_grid, elwin_shoals_entry_stream,
          minmay_lair_oklob_chamber, lemuel_fruit_tree, grunt_megastairs_3
Lair:3:   layout_loops_ring, uniq_gastronok
Lair:4:   layout_layer_cave, dummy_spider_entry, gammafunk_ghost_necromancy,
          grunt_megastairs_1, lemuel_fruit_fields, uniq_kirke, uniq_snorg
Lair:5:   layout_gridlike, ebering_ghost_funeral_grove, minivault_24
Lair:6:   minmay_lair_end_frog_pond, layout_regular_city, slime_altar_1
Shoals:1: layout_shoals, serial_shops, nicolae_shop_statue_plus,
          gammafunk_ghost_grave
Shoals:2: layout_shoals, uniq_polyphemus
Shoals:3: layout_shoals, serial_shops, shop, abandoned_shop
Shoals:4: shoals_end_hangedman, layout_shoals, hangedman_shoal_volcano
Spider:1: layout_spider_delve, portal_ice_cave_entry_ugly_swarm,
          hangedman_spider_trapstep
Spider:2: layout_spider_delve, uniq_roxanne
Spider:3: layout_spider_delve, nicolae_spider_shape
Spider:4: spider_rune_water, ebering_ghost_reflecting_pool, uniq_arachne
Slime:1:  layout_caves
Orc:1:    layout_caves, nicolae_orc_flooded_monolith
Orc:2:    pubby_orc_utopia, uniq_azrael, uniq_jorgrun
Elf:1:    mu_elemental_laboratory, layout_geoelf_octagon, minmay_elf_demonology,
          hangedman_elf_disciples, uniq_aizul
Elf:2:    layout_geoelf_octagon
Elf:3:    minmay_elf_hall_statues, layout_gridlike, serial_corexii_hall,
          corexii_hall_statues_i, chequers_hall_statues_wall_a,
          corexii_hall_statues_x, corexii_hall_statues_deadend, serial_shops,
          nicolae_shop_waterfront, basic_altar, minivault_13
Vaults:1: gammafunk_vaults_ghost_split, nicolae_vaults_specimen_jars,
          v_pattern_5, hangedman_vaults_snaps, v_misc_23, ontoclasm_vaults_chip,
          v_alt_pattern_4, ontoclasm_vaults_decontamination,
          nicolae_vaults_theta, layout_vaults_quadrants
Vaults:2: vaults_room_grid, ontoclasm_vaults_tryst, dpeg_vaults_monster_box,
          nicolae_vaults_windows_and_doors_thing, v_alt_pattern_4,
          nicolae_vaults_shelves_hall, vaults_mumra_chevron,
          ontoclasm_vaults_ring_small, nicolae_vaults_rhombus_6, v_misc_30,
          v_misc_14, serial_ice_g, nicolae_vaults_circle_grid_a,
          nicolae_vaults_theta, layout_vaults_ring, serial_shops, shop_coins
Vaults:3: minmay_crypt_entry_necro_gods, v_misc_10, v_misc_8,
          vaults_room_grunt_arrival_ludios, v_misc_8, grunt_vaults_twisty,
          grunt_vaults_focal, v_misc_5, vaults_room_fours,
          nicolae_vaults_sealed_display, v_misc_13,
          nicolae_vaults_little_squares_6, grunt_vaults_diagonal,
          layout_vaults_big_room
Vaults:4: nicolae_vaults_theta, vaults_room_octagon, v_misc_3,
          hangedman_vaults_stitches, vaults_dpeg_hooks,
          nicolae_vaults_little_squares_1, hangedman_vaults_cutoff,
          nicolae_vaults_hallways_thing, hangedman_vaults_capsules,
          vaults_mumra_hexcomb, nicolae_vaults_mini_display_case,
          layout_vaults_omnicross, uniq_donald
Vaults:5: serial_shops
Depths:1: layout_small_grid, grunt_hell_entry_dis_mu, hex_medium,
          hangedman_abyss_or_decor_lesser_grid, chequers_serial_rivers_marsh,
          solitary_fountain, minmay_misc_feat_plants, bh_walls_and_bars
Depths:2: lemuel_flame_loot_2, layout_cave_pools, enter_trove_6, hell_entry,
          minmay_shoptagon, infiniplex_staircase_zigzag_5
Depths:3: angbandy_vault, layout_basic, enter_ziggurat_b, grunt_metal_band,
          abyss_entry, pan_entry, corexii_hall_statues_deadend,
          infiniplex_staircase_zigzag_4
Depths:4: nicolae_legendary_halls, layout_gridlike, abyss_entry, hellmouth_1,
          kennysheep_generic_room_4, infiniplex_staircase_spiral
Depths:5: evilmike_zot_entry_round, layout_small_grid, grunt_decor_one_mirror,
          serial_shops, shop, pf_coc_iceberg, gammafunk_ghost_split,
          minmay_variable_closet
Hell
Zot:1:    layout_misc_corridors
Zot:2:    layout_gridlike, nicolae_lava_and_water, grunt_ministairs_1,
          hangedman_zot_spectrum
Zot:3:    layout_onion_interference, st_stairs_9
Zot:4:    grunt_zot_stairs_mandelzot, layout_misc_corridors, zot_minivault_1
Trove:    trove_armour_six_rooms
Sewer:    sewer_minmay_w
Bailey:   bailey_axe_3, bailey
IceCv:    ice_cave_caverns_01

Skill      XL: |  1  2  3  4  5  6  7  8  9 10 11 12 13 14 15 16 17 18 19 20 21 22 23 24 25 26 27 |
---------------+----------------------------------------------------------------------------------+-----
Axes           | 2 3 4 5 6 7 8 9 10 15 | 15.3
Dodging        | 1 2 3 4 5 6 7 8 9 10 11 12 13 15 16 | 16.8
Shields        | 3 4 5 6 7 8 9 10 11 12 13 14 15 16 17 18 19 22 23 | 23.0
Armour         | 3 4 5 6 7 8 9 10 11 12 13 14 15 16 17 | 17.0
Fighting       | 4 5 6 8 9 10 11 13 14 15 | 15.6
Invocations    | 1 2 3 5 6 7 8 |  8.0
Necromancy     | 11 15 | 15.2
Earth Magic    | 7 |  7.4
Spellcasting   | 13 | 13.3

Action                   |  1- 3 |  4- 6 |  7- 9 | 10-12 | 13-15 | 16-18 | 19-21 | 22-24 | 25-27 || total
-------------------------+-------+-------+-------+-------+-------+-------+-------+-------+-------++-------
Melee: War axe           |    78 |       |       |   663 |  1365 |       |       |       |       ||  2106
       Short sword       |    14 |   273 |   632 |   128 |       |       |       |       |       ||  1047
       Hand axe          |       |       |   233 |       |       |       |       |       |       ||   233
       Whip              |       |       |       |   126 |    52 |       |       |       |       ||   178
       Broad axe         |       |       |       |       |   342 |  1720 |  1647 |  2119 |  1454 ||  7282
Throw: Javelin           |       |       |     4 |       |       |     9 |     6 |     1 |     3 ||    23
       Tomahawk          |       |       |     3 |       |    36 |    70 |       |       |       ||   109
       Throwing net      |       |       |     2 |       |       |       |       |       |       ||     2
 Cast: Borgnjor's Vile C |       |       |       |       |       |       |       |       |     7 ||     7
       Apportation       |       |       |       |       |       |       |       |       |     1 ||     1
Invok: Heroism           |       |       |    19 |    47 |    67 |    63 |    31 |    46 |    24 ||   297
       Finesse           |       |       |       |       |     8 |     4 |     4 |     7 |     6 ||    29
 Abil: Evoke Flight      |       |       |       |       |       |    12 |       |     4 |     1 ||    17
Evoke: Wand              |       |       |       |    14 |    19 |     3 |       |     4 |     3 ||    43
       Phial of floods   |       |       |       |       |     1 |     1 |       |       |       ||     2
       Fan of gales      |       |       |       |       |       |     1 |       |       |       ||     1
       Phantom mirror    |       |       |       |       |       |     2 |       |       |       ||     2
  Use: Scroll            |       |     8 |     4 |     7 |    15 |    16 |     3 |    26 |     7 ||    86
 Stab: Sleeping          |       |       |     8 |     7 |     7 |       |       |       |       ||    22
       Held in net/web   |       |       |     1 |       |       |       |       |       |       ||     1
       Paralysed         |       |       |       |       |    12 |       |       |       |       ||    12
       Distracted        |       |       |       |       |     2 |       |       |     1 |       ||     3
Armor: Scale mail        |    89 |    51 |       |       |   115 |   406 |   114 |       |       ||   775
       Leather armour    |       |    12 |   114 |    96 |    56 |       |       |       |       ||   278
       Fire dragon scale |       |       |       |       |       |       |    49 |   149 |     6 ||   204
       Plate armour      |       |       |       |       |       |       |       |    70 |    40 ||   110
       Chain mail        |       |       |       |       |       |       |       |       |    24 ||    24
       Crystal plate arm |       |       |       |       |       |       |       |       |   161 ||   161
Dodge: Dodged            |    64 |    88 |   360 |   443 |   841 |  1009 |   468 |   603 |   664 ||  4540
Block: Shield            |       |    66 |   453 |   631 |  1300 |  1469 |   830 |  1041 |   990 ||  6780

Table legend:
 A = Non-vault XP
 B = Vault XP
 C = Vault XP percentage of total XP
 D = Non-vault monster count
 E = Vault monster count
 F = Vault count percentage of total count
                 A         B        C        D         E       F
            +---------+---------+-------+---------+---------+-------
      Total |  831787 |  752693 |  47.5 |    1442 |    1036 |  41.8
            +---------+---------+-------+---------+---------+-------
        D:1 |      43 |       0 |   0.0 |      20 |       0 |   0.0
        D:2 |      38 |      32 |  45.7 |      10 |       1 |   9.1
        D:3 |     130 |       0 |   0.0 |      24 |       0 |   0.0
        D:4 |     243 |       0 |   0.0 |      15 |       0 |   0.0
        D:5 |     888 |       5 |   0.6 |      18 |       1 |   5.3
        D:6 |     879 |       0 |   0.0 |      33 |       0 |   0.0
        D:7 |     914 |     492 |  35.0 |      20 |       6 |  23.1
        D:8 |    2108 |      50 |   2.3 |      35 |       1 |   2.8
        D:9 |    1014 |    4504 |  81.6 |      26 |       7 |  21.2
       D:10 |    2637 |    2076 |  44.0 |      23 |      10 |  30.3
       D:11 |    2265 |     232 |   9.3 |      28 |       1 |   3.4
       D:12 |    9131 |    9982 |  52.2 |      41 |      30 |  42.3
       D:13 |    8528 |   12208 |  58.9 |      42 |      11 |  20.8
       D:14 |    9979 |    1534 |  13.3 |      31 |       1 |   3.1
       D:15 |   24516 |    2549 |   9.4 |      54 |       3 |   5.3
     Lair:1 |    3550 |    2572 |  42.0 |      17 |      11 |  39.3
     Lair:2 |    4579 |    2140 |  31.8 |      23 |       5 |  17.9
     Lair:3 |    3535 |    5544 |  61.1 |      13 |       8 |  38.1
     Lair:4 |    5719 |    3966 |  40.9 |      19 |       8 |  29.6
     Lair:5 |    4863 |    2685 |  35.6 |      17 |      11 |  39.3
     Lair:6 |   18025 |   10954 |  37.8 |      38 |      41 |  51.9
   Shoals:1 |    9348 |    1656 |  15.0 |      18 |       1 |   5.3
   Shoals:2 |   16686 |    6672 |  28.6 |      30 |       6 |  16.7
   Shoals:3 |   28145 |       0 |   0.0 |      52 |       0 |   0.0
   Shoals:4 |   11661 |   22067 |  65.4 |      20 |      39 |  66.1
   Spider:1 |    7666 |    6721 |  46.7 |      18 |      14 |  43.8
   Spider:2 |   10685 |    3269 |  23.4 |      27 |       4 |  12.9
   Spider:3 |   16671 |    3125 |  15.8 |      43 |       7 |  14.0
   Spider:4 |   12114 |   31249 |  72.1 |      31 |      46 |  59.7
      Orc:1 |    3545 |       0 |   0.0 |      24 |       0 |   0.0
      Orc:2 |     140 |   27348 |  99.5 |       2 |     153 |  98.7
      Elf:1 |   22893 |   22857 |  50.0 |      41 |      41 |  50.0
      Elf:2 |   16364 |   24427 |  59.9 |      28 |      32 |  53.3
      Elf:3 |    6857 |   56656 |  89.2 |      12 |      40 |  76.9
   Vaults:1 |   24972 |   20219 |  44.7 |      43 |      28 |  39.4
   Vaults:2 |   39126 |   21263 |  35.2 |      72 |      29 |  28.7
   Vaults:3 |   10788 |   15985 |  59.7 |      19 |      23 |  54.8
   Vaults:4 |   30045 |   20135 |  40.1 |      32 |      23 |  41.8
   Vaults:5 |   32698 |  132407 |  80.2 |      38 |      96 |  71.6
   Depths:1 |   27797 |     470 |   1.7 |      33 |       1 |   2.9
   Depths:2 |   10308 |     401 |   3.7 |      17 |       1 |   5.6
   Depths:3 |   46875 |   58623 |  55.6 |      56 |      40 |  41.7
   Depths:4 |   42624 |   66900 |  61.1 |      50 |      31 |  38.3
   Depths:5 |   45628 |   44071 |  49.1 |      34 |      20 |  37.0
       Hell |   10604 |   26335 |  71.3 |      19 |      42 |  68.9
      Zot:1 |   96285 |       0 |   0.0 |      51 |       0 |   0.0
      Zot:2 |   30959 |   51333 |  62.4 |      21 |      38 |  64.4
      Zot:3 |   51019 |    4092 |   7.4 |      29 |       2 |   6.5
      Zot:4 |   65700 |   10679 |  14.0 |      35 |      10 |  22.2
      Sewer |       0 |     318 | 100.0 |       0 |      48 | 100.0
     Bailey |       0 |     415 | 100.0 |       0 |       5 | 100.0
      IceCv |       0 |   11475 | 100.0 |       0 |      60 | 100.0
            +---------+---------+-------+---------+---------+-------
